 Dungeon Crawl Stone Soup version 0.20.0-8-g6b59dc7 (webtiles) character file.

1262 inmateoo the Grappler (level 8, 0/67 HPs)
             Began as a Barachi Wanderer on May 31, 2017.
             Was a Believer of Fedhas.
             Slain by an ice beast (12 damage)
             ... on level 4 of the Dungeon.
             The game lasted 00:08:58 (4741 turns).

inmateoo the Grappler (Barachi Wanderer)            Turns: 4741, Time: 00:08:58

Health: 0/67       AC: 10    Str: 15    XL:     8   Next: 52%
Magic:  8/8        EV:  3    Int: 10    God:    Fedhas [**....]
Gold:   254        SH:  4    Dex: 13    Spells: 7/7 levels left

rFire    . . .     SeeInvis +     - Unarmed
rCold    . . .     Gourm    .   d - +0 buckler
rNeg     . . .     Faith    .   k - +0 plate armour
rPois    .         Spirit   .   r - +0 hat
rElec    .         Reflect  .   (no cloak)
rCorr    +         Harm     .   (no gloves)
MR       .....                  (no boots)
Stlth    ..........             (no amulet)
Regen    0.3/turn               w - ring of resist corrosion
MPRegen  0.2/turn               (no ring)

@: slow
A: +LOS, swims, see invisible, slowness 1, weak 1, wild magic 1, strong legs 1
a: Hop, Fungal Bloom, Evolution, Sunlight, Renounce Religion


You were on level 4 of the Dungeon.
You worshipped Fedhas.
Fedhas was pleased with you.
You were not hungry.

You visited 1 branch of the dungeon, and saw 5 of its levels.
You also visited: Sewer.

You collected 254 gold pieces.

Inventory:

Hand Weapons
 f - a +1 club
Armour
 d - a +0 buckler (worn)
 k - a +0 plate armour (worn)
 r - a +0 hat (worn)
Jewellery
 w - a ring of resist corrosion (left hand)
Scrolls
 c - 2 scrolls of fog
 h - a scroll of enchant weapon
 i - 2 scrolls of remove curse
 j - a scroll of magic mapping
 o - 2 scrolls of teleportation
 u - 2 scrolls of fear
 x - a scroll of amnesia
Potions
 a - a potion of agility
 b - 2 potions of brilliance {unknown}
 e - 2 potions of haste {unknown}
 m - a potion of ambrosia
 n - a potion of mutation
 p - 2 potions of curing
 v - a potion of berserk rage
Comestibles
 g - 3 bread rations
 l - 2 royal jellies
 q - 3 meat rations
 z - a chunk of flesh


   Skills:
 + Level 7.1 Fighting
   Level 1.0 Crossbows
 - Level 1.2 Armour
 - Level 1.1 Shields
 * Level 10.0 Unarmed Combat
   Level 1.1 Evocations


You had 7 spell levels left.
You didn't know any spells.

Dungeon Overview and Level Annotations

Branches:
Dungeon (5/15)             Temple (0/1) D:4

Altars:
Ashenzari
Fedhas
Gozag
Zin

Annotations:
D:5 4thArraOfDagon's ghost, amateur BaEn; Eustachio


Innate Abilities, Weirdness & Mutations

Shadows flee at your approach. (+LOS)
You can swim through water.
You cover ground slowly.
You can hop short distances.
You have supernaturally acute eyesight. (SInv)
You are weak. (Str -2)
Your spells are a little harder to cast, but a little more powerful.


Message History

The ice beast is moderately wounded.
The ice beast hits you but does no damage.
Your wandering mushroom releases spores at the sky beast.
The sky beast is engulfed in a cloud of spores!
The sky beast appears confused.
Unknown command.
Your plate armour prevents you from hitting the ice beast.
The ice beast is moderately wounded.
You block the ice beast's attack.
Your wandering mushroom releases spores at the sky beast!
The sky beast dies!
Your Unarmed Combat skill increases to level 10!
Unknown command.
You punch the ice beast!
The ice beast is heavily wounded.
A nearby toadstool withers and dies.
The ice beast hits you.
* * * LOW HITPOINT WARNING * * *
The ice beast freezes you!
You die...
Fedhas appreciates your contribution to the ecosystem.

.......#..)..#.#'#..####.....#..#
..#.#..#(.(..#...).######...##.##
..#.##.#.[...#...........##....#
..#.##.##)..##.###.#####.##.####
#######.#####.####.#####.##.#####
♣♣♣##...........##.##....##......
...♣#....###.##.##.##.#..........
.>.♣#.##.# #.##.)Y)......########
...♣#.##.###....@f†#####.#
♣♣♣##........####### #.#
#####.##..)<...# #.#
#..##...####.#.# #.# ##.####.#
#.#.# ##.######## ##.# #.#
#.#.########........[. ##.# #.#
#.............######## ##.# #.#
###.########..# ##.# #.# #.# ##.#


You could see an ice beast and a friendly wandering mushroom.

Vanquished Creatures
  The ghost of Hasart the Ogre Mage, an amateur OgFE (D:4)
  Sigmund (D:2)
  An ice beast (D:4)
  An ogre (D:4)
  3 orc priests
  4 orc wizards
  2 iguanas (D:4)
  4 worker ants (D:4)
  8 gnolls
  4 adders
  3 river rats (Sewer)
  4 worms
  4 dart slugs
  5 leopard geckos
  15 orcs
  8 bats
  7 giant cockroaches
  8 goblins
  6 hobgoblins
  2 jackals (D:2)
  10 kobolds
  4 ball pythons (Sewer)
  11 frilled lizards
  12 rats
128 creatures vanquished.

Vanquished Creatures (collateral kills)
  A sky beast (D:4)
  An ogre (D:4)
2 creatures vanquished.

Vanquished Creatures (others)
  24 toadstools
24 creatures vanquished.

Grand Total: 154 creatures vanquished

Notes
Turn   | Place    | Note
-------+----------+-------------------------------------------
     0 | D:1      | inmateoo the Barachi Wanderer began the quest for the Orb.
     0 | D:1      | inmateoo set off with: a potion of berserk rage, a potion of heal wounds, a potion of lignification, a +0 buckler, a +0 robe, a +0 club, a bread ration
     0 | D:1      | Reached XP level 1. HP: 20/20 MP: 1/1
   193 | D:1      | Reached skill level 3 in Unarmed Combat
   193 | D:1      | Reached XP level 2. HP: 17/26 MP: 2/2
   622 | D:1      | You fall through a shaft!
   634 | D:2      | Reached XP level 3. HP: 27/32 MP: 3/3
   885 | D:2      | Reached skill level 4 in Unarmed Combat
  1206 | D:2      | Noticed Sigmund
  1257 | D:2      | Killed Sigmund
  1257 | D:2      | Reached skill level 6 in Unarmed Combat
  1257 | D:2      | Reached XP level 4. HP: 26/38 MP: 4/4
  1257 | D:2      | Reached XP level 5. HP: 29/43 MP: 5/5
  1673 | D:3      | Reached XP level 6. HP: 50/50 MP: 6/6
  1998 | D:3      | Reached skill level 7 in Unarmed Combat
  2323 | D:3      | Found a faded altar of an unknown god.
  2323 | D:3      | Found a faded altar of an unknown god.
  2328 | D:3      | Found a blossoming altar of Fedhas.
  2330 | D:3      | Found a shattered altar of Ashenzari.
  2332 | D:3      | Found an opulent altar of Gozag.
  2355 | D:3      | Became a worshipper of Fedhas Madash
  2355 | D:3      | Reached * piety under Fedhas
  2569 | D:4      | Noticed an ice beast
  2586 | D:4      | Killed an ice beast
  2586 | D:4      | Reached skill level 5 in Fighting
  2586 | D:4      | Reached skill level 8 in Unarmed Combat
  2586 | D:4      | Reached XP level 7. HP: 35/56 MP: 7/7
  2699 | D:4      | Found a glowing drain.
  2739 | Sewer    | Entered a sewer
  3151 | D:4      | Noticed Hasart's ghost (amateur OgFE)
  3161 | D:4      | Killed Hasart's ghost
  3188 | D:4      | Reached skill level 9 in Unarmed Combat
  3219 | D:4      | Reached ** piety under Fedhas
  3319 | D:4      | Gained mutation: You are weak. (Str -2) [potion of mutation]
  3319 | D:4      | Gained mutation: You have supernaturally acute eyesight. (SInv) [potion of mutation]
  3319 | D:4      | Gained mutation: Your spells are a little harder to cast, but a little more powerful. [potion of mutation]
  3332 | D:4      | Reached XP level 8. HP: 60/64 MP: 8/8
  3742 | D:4      | Found a staircase to the Ecumenical Temple.
  4037 | D:4      | Found a glowing silver altar of Zin.
  4711 | D:5      | Entered Level 5 of the Dungeon
  4711 | D:5      | Noticed 4thArraOfDagon's ghost (amateur BaEn)
  4713 | D:5      | Noticed Eustachio
  4740 | D:4      | Reached skill level 10 in Unarmed Combat
  4741 | D:4      | Slain by an ice beast

Skill      XL: |  1  2  3  4  5  6  7  8 |
---------------+-------------------------+-----
Unarmed Combat | 3 6 8 9 10 | 10.0
Fighting       | 5 6 7 |  7.1
Crossbows      | |  1.0
Armour         | |  1.2
Shields        | |  1.1
Evocations     | |  1.1

Action                   |  1- 3 |  4- 6 |  7- 9 || total
-------------------------+-------+-------+-------++-------
Melee: Unarmed           |   128 |   155 |   227 ||   510
Invok: Fungal Bloom      |       |       |     9 ||     9
       Evolution         |       |       |     1 ||     1
 Abil: Hop               |       |     1 |     1 ||     2
  Use: Potion            |     4 |     5 |     2 ||    11
       Scroll            |       |     9 |     8 ||    17
  Eat: Chunk             |     1 |     5 |     8 ||    14
Armor: Chain mail        |    56 |    82 |     2 ||   140
       Skin              |     2 |       |     2 ||     4
       Plate armour      |       |       |    96 ||    96
Dodge: Dodged            |    37 |    38 |    23 ||    98
Block: Buckler           |    14 |    15 |    30 ||    59
